 Seeded DCSS version 0.29.1-1-gd02db6906a (webtiles) character file.

Game seed: 7530111534615635726 (custom seed)

5901 bwicke the Cleaver (level 9, -38/67 (71) HPs)
             Began as a Palentonga Fighter on Sept 19, 2022.
             Was a Priest of Ru.
             Annihilated by a boulder beetle (55 damage)
             ... on level 9 of the Dungeon.
             The game lasted 00:27:57 (10108 turns).

bwicke the Cleaver (Palentonga Fighter)            Turns: 10108, Time: 00:27:58

HP:   -38/67 (71)   AC: 24    Str: 26    XL:     9   Next: 53%
MP:   9/9           EV:  7    Int:  8    God:    Ru [***...]
Gold: 523           SH:  8    Dex: 12    Spells: 8/8 levels left

rFire   + . .      SeeInvis +   j - +1 hammer (holy)
rCold   . . .      Faith    .   c - +3 buckler
rNeg    + . .      Spirit   .   l - +8 scale mail "Zosaihun" {Will+ Dex+2}
rPois   .          Reflect  .   (no helmet)
rElec   .          Harm     .   i - +2 cloak
rCorr   .          Rampage  .   (no gloves)
Will    +....                   (no barding)
Stlth   ..........              B - amulet of magic regeneration
HPRegen 0.21/turn               h - ring of positive energy
MPRegen 0.51/turn               Y - ring of protection from fire

@: lethally poisoned (-38 -> -40), exhausted, drained, curled up
A: large, rugged brown scales 3, see invisible, deformed body, frail 1,
inexperienced 1, roll 1, armoured tail, reflexive curl
a: Rolling Charge, Renounce Religion, Draw Out Power


You were on level 9 of the Dungeon.
You worshipped Ru.
Ru was most pleased with you.
You visited 2 branches of the dungeon, and saw 10 of its levels.

You collected 653 gold pieces.
You spent 130 gold pieces at shops.

Inventory:

Hand Weapons
 a - a +0 mace of draining
 d - a +3 quarterstaff of chaos
 j - a +1 hammer of holy wrath (weapon)
 J - a +4 trident
 M - a +3 scimitar of freezing
 S - a +2 war axe of venom
 V - a +1 morningstar of flaming
Missiles
 k - 20 poisoned darts
 p - a throwing net
Armour
 c - a +3 buckler (worn)
 i - a +2 cloak (worn)
 l - the +8 scale mail "Zosaihun" (worn) {Will+ Dex+2}
   (You found it on level 3 of the Dungeon)

   Dex:       It affects your dexterity (+2).
   Will:      It increases your willpower.
 v - the +2 robe of Cairhupn {*Slow rElec MP+9 Stlth+}
   (You found it on level 2 of the Dungeon)

   rElec:     It insulates you from electricity.
   MP:        It affects your magic capacity (+9).
   *Slow:     It may slow you when you take damage.
   Stlth:     It makes you more stealthy.
 x - a +1 robe of cold resistance
 U - +0 swamp dragon scales
 Z - a +2 scale mail of cold resistance
Jewellery
 h - a ring of positive energy (left hand)
 B - an amulet of magic regeneration (around neck)
 G - a ring of resist corrosion
 Y - a ring of protection from fire (right hand)
Wands
 C - a wand of polymorph (16)
 H - a wand of light (8)
 X - a wand of charming (4)
Scrolls
 f - 2 scrolls of magic mapping
 q - a scroll of immolation
 u - 2 scrolls of fear
 z - a scroll of brand weapon {unknown}
 F - 4 scrolls of teleportation
 I - 2 scrolls of vulnerability {unknown}
 O - a scroll of butterflies
 P - a scroll of poison
 W - a scroll of amnesia {unknown}
Potions
 b - a potion of brilliance {unknown}
 e - a potion of resistance
 g - a potion of mutation {unknown}
 n - 2 potions of cancellation {unknown}
 o - a potion of attraction
 r - 2 potions of flight {unknown}
 s - a potion of berserk rage {unknown}
 D - 4 potions of curing {unknown}
 E - a potion of ambrosia {unknown}
 K - a potion of heal wounds {unknown}
 L - a potion of lignification {unknown}
 R - 2 potions of haste


   Skills:
 - Level 8.2 Fighting
 - Level 10.3(11.3) Axes
 + Level 7.1(9.8) Maces & Flails
 - Level 2.4 Armour
 - Level 6.5 Shields


You had 8 spell levels left.
You didn't know any spells.
Your spell library contained the following spells:

 Spells                   Type           Power      Damage    Failure   Level
 Foxfire                  Conj/Fire      0%         2x1d4     77%         1
 Necrotise                Necr           0%         1d4       77%         1
 Shock                    Conj/Air       0%         1d3       77%         1
 Ensorcelled Hibernation  Hex/Ice        0%         N/A       88%         2
 Sublimation of Blood     Necr           0%         N/A       88%         2
 Conjure Flame            Conj/Fire      0%         6-21      98%         3
 Gell's Gravitas          Tloc           0%         N/A       98%         3
 Inner Flame              Hex/Fire       0%         N/A       98%         3
 Spider Form              Tmut/Pois      0%         N/A       98%         3
 Swiftness                Air            0%         N/A       98%         3
 Teleport Other           Tloc           0%         N/A       98%         3
 Vampiric Draining        Necr           0%         2d6       98%         3
 Airstrike                Air            0%         2d(0-16)  100%        4
 Anguish                  Hex/Necr       0%         N/A       100%        4
 Flame Wave               Conj/Fire      0%         2d4       100%        4
 Fulminant Prism          Conj/Hex       0%         3d6       100%        4
 Iskenderun's Mystic Bla  Conj/Tloc      0%         2d3       100%        4
 Petrify                  Tmut/Erth      0%         N/A       100%        4
 Agony                    Necr           0%         N/A       100%        5
 Irradiate                Conj/Tmut      0%         3d11      100%        5
 Lee's Rapid Deconstruct  Erth           0%         3d5*      100%        5
 Dispersal                Tloc           0%         N/A       100%        6


Dungeon Overview and Level Annotations

Branches:
Dungeon (9/15)             Temple (1/1) D:4            Lair (0/5) D:9
    Orc: D:9-12

Altars:
Ashenzari
Cheibriados
Dithmenos
Elyvilon
Fedhas
Gozag
Hepliaklqana
Kikubaaqudgha
Makhleb
Nemelex Xobeh
Okawaru
Qazlal
Ru
Sif Muna
Trog
Uskayaw
Vehumet
Wu Jian
Xom
Yredelemnul
Zin
The Shining One

Shops:
D:7 ?

Annotations:
D:9 Valamore's ghost, novice MiFi


Innate Abilities, Weirdness & Mutations

You are completely covered in rugged brown scales. (AC +3, +7% HP)
You have supernaturally acute eyesight. (SInv)
Armour fits poorly on your strangely shaped body.
You are frail. (-10% HP)
You are somewhat inexperienced. (-1 XL)
You can roll at nearby foes to attack.
You have a long armoured tail.
You curl defensively after being hit. (AC +7*)


Message History

Your +1 hammer of holy wrath softly glows with a divine radiance!
j - a +1 hammer of holy wrath (weapon)
You feel sick.
You hit Valamore's ghost.
Valamore's ghost convulses.
Valamore's ghost is lightly damaged.
You feel very sick. Valamore's ghost hits you!!
You are more poisoned.
You hit Valamore's ghost but do no damage.
Valamore's ghost is lightly damaged.
You feel very sick. Valamore's ghost hits you!
* * * LOW HITPOINT WARNING * * *
You are more poisoned.
You are restored by drawing out deep reserves of power within.
You feel drained.
You feel very sick.
The boulder beetle curls into a ball and begins rolling!
Valamore's ghost barely misses you.
Blink to where?
Press: ? - help, Dir - move target
As you read the scroll of blinking, it crumbles to dust.
You feel very sick.
You feel very sick.
You feel very sick.
You feel very sick.
You feel sick.
You feel sick.
Okay, then.
Blink to where?
Press: ? - help, Dir - move target
As you read the scroll of blinking, it crumbles to dust.
You feel sick.
You feel sick.
You feel sick.
There is a stone staircase leading down here.
You can't go up here!
You feel sick. The boulder beetle hits you!!!
Ouch! That really hurt!
You die...

#.......# ########
#.......########......#
###....................○.
#..........§○B°°..W..°°§○
#........°#########..###'
#.......°.#..........#.oy
#.......○.#...####...#...
#.......B.#...#......#.##
#.......@.#...#......#.##
#####.....#...#......#.##
#.#####...#......#..(
#.#.......####...#...
###.#..............####
#...#..................
#...#..................
#...#..................
#...#...............#..


You could see a boulder beetle (rolling).

Vanquished Creatures
  Psyche (D:8)
  Maggie (D:8)
  A troll (D:9)
  Grinder (D:6)
  Sigmund (D:2)
  Eustachio (D:4)
  2 vampire mosquitoes (D:8)
  3 wargs (D:9)
  Pargi (D:3)
  An orc warrior (D:9)
  2 black bears
  5 ice beasts
  An ogre (D:6)
  3 centaurs
  2 phantoms
  A kobold brigand (D:7)
  2 bullfrogs
  A gnoll sergeant (D:9)
  2 scorpions
  15 wights
  A necrophage (D:5)
  8 killer bees
  2 hounds
  2 gnoll boudas
  2 jellies
  Crazy Yiuf (D:2)
  7 orc priests
  Jessica (D:2)
  4 iguanas
  Natasha (thrice) (D:3)
  2 scorpion zombies (D:3)
  5 orc wizards
  Robin (D:2)
  14 gnolls
  7 adders
  An ufetubus (D:5)
  2 adder zombies (D:3)
  4 worms
  4 dart slugs
  28 orcs
  6 endoplasms
  A giant cockroach (D:2)
  19 goblins
  9 hobgoblins
  7 jackals (D:4)
  4 quokkas
  6 ball pythons
  7 bats
  4 frilled lizards
  6 kobolds
  5 rats
220 creatures vanquished.

Vanquished Creatures (others)
  A vampire mosquito (D:8)
  A wight (D:7)
2 creatures vanquished.

Grand Total: 222 creatures vanquished

Notes
Turn   | Place    | Note
-------+----------+-------------------------------------------
     0 | D:1      | bwicke the Palentonga Fighter began the quest for the Orb.
     0 | D:1      | Reached XP level 1. HP: 19/19 MP: 1/1
   245 | D:1      | Reached skill level 3 in Axes
   245 | D:1      | Reached XP level 2. HP: 25/25 MP: 2/2
   343 | D:1      | You fall into a shaft and drop 1 floor!
   505 | D:1      | Reached XP level 3. HP: 27/31 MP: 3/3
   885 | D:2      | Found a runed translucent door.
   886 | D:2      | Noticed Crazy Yiuf
   892 | D:2      | Killed Crazy Yiuf
   893 | D:2      | Reached skill level 1 in Maces & Flails
   990 | D:2      | Reached XP level 4. HP: 27/37 MP: 4/4
  1083 | D:2      | Noticed Robin
  1084 | D:2      | Noticed Sigmund
  1273 | D:3      | Found a sacrificial altar of Ru.
  1337 | D:3      | Found a shadowy altar of Dithmenos.
  1363 | D:3      | Noticed Natasha
  1371 | D:3      | Killed Natasha
  1554 | D:3      | Reached XP level 5. HP: 24/43 MP: 5/5
  1561 | D:3      | Noticed Natasha
  1562 | D:3      | Found a basalt altar of Yredelemnul.
  1563 | D:3      | Killed Natasha
  1719 | D:3      | Identified the +8 scale mail "Zosaihun" {Will+ Dex+2}
  1836 | D:3      | Noticed Natasha
  1841 | D:3      | Killed Natasha
  2033 | D:3      | Noticed Pargi
  2045 | D:3      | Killed Pargi
  2046 | D:3      | Reached skill level 5 in Shields
  2046 | D:3      | Reached XP level 6. HP: 48/50 MP: 6/6
  2146 | D:3      | Found a faded altar of an unknown god.
  2686 | D:4      | Gained mutation: You curl defensively after being hit. (AC
                  | +7*) [Palentonga growth]
  2686 | D:4      | Reached XP level 7. HP: 51/55 MP: 7/7
  2725 | D:4      | Found a stormy altar of Qazlal.
  2731 | D:4      | Noticed Eustachio
  2864 | D:4      | Killed Eustachio
  3163 | D:4      | Found a hide-covered altar of Uskayaw.
  3207 | D:4      | Found a staircase to the Ecumenical Temple.
  3216 | Temple   | Entered the Ecumenical Temple
  3610 | D:3      | Became a worshipper of Ru the Awakened
  3657 | D:4      | Reached skill level 5 in Fighting
  3989 | D:2      | Identified the +2 robe of Cairhupn {*Slow rElec MP+9
                  | Stlth+}
  4129 | D:2      | Noticed Jessica
  4134 | D:2      | Killed Jessica
  4211 | D:2      | Killed Sigmund
  4212 | D:2      | Reached XP level 8. HP: 66/68 MP: 8/8
  4216 | D:2      | Killed Robin
  4957 | D:5      | Entered Level 5 of the Dungeon
  5295 | D:5      | Gained mutation: You are frail. (-10% HP) [Ru sacrifice]
  5295 | D:5      | Reached * piety under Ru
  5715 | D:5      | Reached skill level 4 in Axes
  5969 | D:5      | Reached skill level 5 in Axes
  6083 | D:6      | Noticed Grinder
  6092 | D:6      | Paralysed by Grinder for 5 turns
  6097 | D:6      | Killed Grinder
  6098 | D:6      | Reached skill level 6 in Axes
  6098 | D:6      | Reached XP level 9. HP: 26/71 MP: 9/9
  6886 | D:6      | Found an iron altar of Okawaru.
  7048 | D:7      | Found a hazy altar of Hepliaklqana.
  7097 | D:7      | Reached skill level 7 in Axes
  7178 | D:7      | Found Ixkep's Magic Scroll Boutique.
  7185 | D:7      | Bought a scroll of fear for 52 gold pieces
  7185 | D:7      | Bought a scroll of poison for 52 gold pieces
  7185 | D:7      | Bought a scroll of identify for 26 gold pieces
  7288 | D:7      | Reached skill level 8 in Axes
  7444 | D:7      | Identified the +0 pair of boots "Syerenia" {+Inv rC++}
  7691 | D:8      | Found a bloodstained altar of Trog.
  7869 | D:8      | Reached skill level 9 in Axes
  8053 | D:8      | Noticed Psyche
  8061 | D:8      | Killed Psyche
  8062 | D:8      | Reached skill level 10 in Axes
  8088 | D:8      | Gained mutation: You are somewhat inexperienced. (-1 XL)
                  | [Ru sacrifice]
  8088 | D:8      | Reached XP level 8. HP: 65/65 MP: 8/8
  8088 | D:8      | Reached ** piety under Ru
  8088 | D:8      | Reached *** piety under Ru
  8145 | D:8      | Noticed Maggie
  8152 | D:8      | Killed Maggie
  8153 | D:8      | Reached XP level 9. HP: 45/71 MP: 9/9
  9042 | D:9      | Noticed Valamore's ghost (novice MiFi)
  9046 | D:9      | Found a staircase to the Lair.
  9050 | D:9      | Reached skill level 5 in Maces & Flails
  9238 | D:9      | Noticed a boulder beetle
  9353 | D:9      | Found a runed translucent gate.
  9353 | D:9      | Found a runed translucent gate.
  9354 | D:9      | Found a runed translucent gate.
  9539 | D:9      | Found a glowing golden altar of the Shining One.
  9539 | D:9      | Found a glowing silver altar of Zin.
 10108 | D:9      | Annihilated by a boulder beetle

Illustrated notes

Levels and vault maps discovered:
D:1:      minmay_arrival_semitransparent, layout_basic
D:2:      layout_basic, minmay_misc_feat_cross, grunt_decor_resistance,
          uniq_jessica, uniq_sigmund, uniq_robin, uniq_crazy_yiuf_cottage
D:3:      layout_loops_ring, nicolae_yredelemnul_corpse_copse,
          nicolae_ru_awakened_eye, general_overflow_altar,
          basic_ecumenical_altar, uniq_natasha, uniq_pargi
D:4:      layout_rooms, kennysheep_mini, nicolae_uskayaw_suspiria,
          lemuel_temple_firewalk_b, uniq_eustachio
D:5:      layout_loops_corners
D:6:      layout_loops_ring, kennysheep_okawaru_gauntlet, uniq_grinder
D:7:      layout_rooms, mainiacjoe_overflow_24_doors, serial_shops, shop
D:8:      layout_gridville, nicolae_overflow_crystal_walls, uniq_psyche,
          uniq_maggie
D:9:      layout_irregular_city, mainiacjoe_overflow_divided_tiny,
          erik_lair_orcish_takeover, gammafunk_ghost_split
Temple:   hc_temple_tempest_star

Skill      XL: |  1  2  3  4  5  6  7  8  9 |
---------------+----------------------------+-----
Axes           | 3 6 10 | 10.3
Maces & Flails | 2 7 |  7.1
Shields        | 3 5 6 |  6.5
Fighting       | 6 8 |  8.2
Armour         | |  2.4

Action                   |  1- 3 |  4- 6 |  7- 9 || total
-------------------------+-------+-------+-------++-------
Melee: War axe           |    66 |     7 |   256 ||   329
       Tailslap          |     4 |    31 |    64 ||    99
       Mace              |    17 |   150 |   143 ||   310
       Morningstar       |       |       |    31 ||    31
       Trident           |       |       |     7 ||     7
Invok: Sacrifice Health  |       |       |     1 ||     1
       Sacrifice Experie |       |       |     1 ||     1
       Draw Out Power    |       |       |     1 ||     1
 Abil: Rolling Charge    |    17 |    26 |    66 ||   109
  Use: Scroll            |     2 |     4 |     7 ||    13
       Potion            |     1 |       |     2 ||     3
 Stab: Distracted        |       |       |     1 ||     1
       Invisible         |       |       |     1 ||     1
Armor: Scale mail        |    53 |    80 |   292 ||   425
Dodge: Dodged            |    31 |    44 |   142 ||   217
Block: Buckler           |    17 |    44 |   203 ||   264
